 Dungeon Crawl Stone Soup version 0.28.0-1-gb440e238dd (webtiles) character file.

Game seed: 12566632034613050586

81 smarlow the Skirmisher (level 4, -1/41 HPs)
             Began as a Minotaur Fighter on Feb 26, 2022.
             Slain by Pargi (5 damage)
             ... in a sewer.
             The game lasted 00:03:42 (2041 turns).

smarlow the Skirmisher (Minotaur Fighter)           Turns: 2041, Time: 00:03:42

Health: -1/41      AC:  7    Str: 22    XL:     4   Next: 20%
Magic:  3/3        EV:  9    Int:  5    God:
Gold:   37         SH:  4    Dex: 10    Spells: 3/3 levels left

rFire   . . .      SeeInvis .   a - +0 war axe
rCold   . . .      Faith    .   c - +0 buckler
rNeg    . . .      Spirit   .   b - +0 scale mail
rPois   .          Reflect  .   (helmet restricted)
rElec   .          Harm     .   (no cloak)
rCorr   .          Rampage  .   (no gloves)
Will    .....                   (no boots)
Stlth   ..........              (no amulet)
HPRegen 0.13/turn               (no ring)
MPRegen 0.08/turn               (no ring)

@: very slow
A: horns 2, retaliatory headbutt
a: no special abilities


You were in a sewer.
You visited 1 branch of the dungeon, and saw 3 of its levels.
You also visited: Sewer.

You collected 37 gold pieces.

Inventory:

Hand Weapons
 a - a +0 war axe (weapon)
Armour
 b - a +0 scale mail (worn)
 c - a +0 buckler (worn)
Jewellery
 f - a ring of poison resistance
 g - a +4 ring of protection
 n - an amulet of regeneration
Scrolls
 e - a scroll of silence {unknown}
 h - a scroll of fear {unknown}
 i - 2 scrolls of identify {unknown}
 j - 4 scrolls of noise {unknown}
 l - a scroll of acquirement {unknown}
 m - 4 scrolls of blinking {unknown}
 q - a scroll of enchant weapon {unknown}
 r - a scroll of fog {unknown}
Potions
 d - 2 potions of might
 k - a potion of lignification {unknown}
 o - 2 potions of cancellation {unknown}
 p - 2 potions of haste {unknown}


   Skills:
 + Level 4.4 Fighting
 + Level 3.4 Axes
 + Level 4.3 Armour
 + Level 4.3 Shields


You had 3 spell levels left.
You didn't know any spells.
Your spell library contained the following spells:

 Spells                   Type           Power      Damage    Failure   Level
 Apportation              Tloc           0%         N/A       87%         1
 Alistair's Intoxication  Tmut/Pois      0%         N/A       100%        5


Dungeon Overview and Level Annotations

Branches:
Dungeon (3/15)              Sewer (1/1)

Altars:

Annotations:
Sewer Pargi


Innate Abilities, Weirdness & Mutations

You have a pair of horns on your head.
You reflexively headbutt those who attack you in melee.


Message History

Pargi is heavily wounded.
Pargi bites you. Pargi claws you. Pargi claws you but does no damage.
You slash Pargi!
Pargi is severely wounded.
Pargi closely misses you. Pargi claws you. Pargi barely misses you.
You hit Pargi but do no damage.
Pargi is severely wounded.
Pargi barely misses you. x2; Pargi closely misses you.
You block Pargi's attack. Pargi closely misses you.
Pargi claws you but does no damage.
You barely miss Pargi. You headbutt Pargi.
Pargi is severely wounded.
Pargi bites you. Pargi claws you but does no damage. You block Pargi's attack.
You completely miss Pargi.
Pargi is severely wounded.
You block Pargi's attack. Pargi claws you.
* * * LOW HITPOINT WARNING * * *
Pargi barely misses you.
You closely miss Pargi. Your headbutt misses Pargi.
Pargi is heavily wounded.
Pargi barely misses you. Pargi completely misses you.
Pargi claws you but does no damage. Pargi bites you but does no damage.
Pargi claws you.
* * * LOW HITPOINT WARNING * * *
Pargi claws you but does no damage.
You completely miss Pargi.
Pargi is heavily wounded.
Pargi bites you but does no damage. Pargi claws you but does no damage.
Pargi claws you.
* * * LOW HITPOINT WARNING * * *
You enter the shallow water.
Moving in this stuff is going to be slow.
You block Pargi's attack. Pargi claws you but does no damage.
Pargi completely misses you. Pargi bites you.
* * * LOW HITPOINT WARNING * * *
Pargi claws you.
* * * LOW HITPOINT WARNING * * *
Pargi barely misses you. Pargi bites you.
You die...

≈≈≈≈.. #...# #..≈≈≈ ≈≈≈≈≈.#
##.## #≈≈≈≈≈ ≈≈≈≈≈.. #≈#
##≈≈≈≈≈ ≈≈≈≈≈≈≈ #≈#
###≈≈≈≈≈≈ ≈≈≈≈≈≈≈## #≈#
#..≈≈≈≈≈≈ ≈≈≈≈≈≈≈≈## #≈#
###≈≈≈≈≈≈≈ ≈≈≈≈≈≈≈..## #≈#
#...≈≈≈≈≈≈
≈≈≈≈≈≈≈≈..###≈#####≈.≈≈≈≈≈≈≈
≈≈≈≈≈≈≈≈≈≈T@≈≈≈≈.#.≈≈≈≈≈≈≈≈≈
##≈≈≈≈≈≈≈≈≈≈≈≈≈≈..≈≈≈≈≈≈≈≈≈≈
#≈≈≈≈≈≈≈≈≈≈≈≈≈≈≈≈≈≈≈≈≈≈≈≈≈≈
##≈≈≈≈≈≈≈≈≈≈≈≈≈≈≈≈≈≈≈≈≈≈≈≈#
###≈≈≈≈≈≈≈≈≈≈≈≈≈≈≈≈≈≈≈≈≈≈#
#≈≈≈≈≈≈≈≈≈≈≈≈≈≈≈≈≈≈≈≈###
##≈≈≈≈≈≈≈≈≈≈≈≈≈≈≈≈≈≈≈#
##≈≈≈≈≈≈≈≈≈≈≈≈≈≈≈≈≈##
≈≈≈≈##≈≈≈#≈≈≈##


You could see Pargi.

Vanquished Creatures
  2 adders (D:2)
  2 river rats (D:3)
  A worm (D:3)
  7 ball pythons
  2 bats
  8 endoplasms
  2 giant cockroaches (D:1)
  A hobgoblin (D:1)
  2 kobolds
  2 quokkas
  2 frilled lizards (Sewer)
  6 goblins
  2 rats (D:1)
39 creatures vanquished.

Vanquished Creatures (others)
  2 fungi (D:1)
2 creatures vanquished.

Grand Total: 41 creatures vanquished

Notes
Turn   | Place    | Note
-------+----------+-------------------------------------------
     0 | D:1      | smarlow the Minotaur Fighter began the quest for the Orb.
     0 | D:1      | Reached XP level 1. HP: 19/19 MP: 0/0
   291 | D:1      | Found a faded altar of an unknown god.
   297 | D:1      | Reached XP level 2. HP: 27/27 MP: 1/1
  1174 | D:2      | Reached XP level 3. HP: 29/33 MP: 2/2
  1720 | D:3      | Found a glowing drain.
  1736 | D:3      | Reached XP level 4. HP: 17/41 MP: 3/3
  1873 | Sewer    | Entered a sewer
  2023 | Sewer    | Noticed Pargi
  2041 | Sewer    | Slain by Pargi

Illustrated notes

Levels and vault maps discovered:
D:1:      amcnicky_arrival_feature_with_door, layout_loops_cross,
          dreamdust_ecumenical_altar_grove
D:2:      layout_loops_ring, kennysheep_generic_room_15
D:3:      minmay_evil_eye, layout_loops_ring, mainiacjoe_overflow_paths,
          portal_sewer_entry_a, serial_bayou_pond_e,
          hangedman_decor_clover_reticule
Sewer:    sewer_co_pargi_island

Skill      XL: |  1  2 |
---------------+-------+-----
Shields        | 4 |  4.3
Fighting       | 4 |  4.4
Armour         | 4 |  4.3
Axes           | 3 |  3.4

Action                   |  1- 3 |  4- 6 || total
-------------------------+-------+-------++-------
Melee: War axe           |    57 |    24 ||    81
       Headbutt          |    11 |     3 ||    14
Armor: Scale mail        |    21 |    23 ||    44
Dodge: Dodged            |    32 |    24 ||    56
Block: Buckler           |    16 |     4 ||    20
